 Dungeon Crawl Stone Soup version 0.28-a0-563-gf77a47075d (webtiles) character file.

Game seed: 5221263271771039177

694 robertstho the Magician (level 7, 0/49 HPs)
             Began as a Djinni Fire Elementalist on Sept 30, 2021.
             Was an Initiate of Gozag.
             Slain by Duvessa (9 damage)
             ... on level 5 of the Dungeon.
             The game lasted 00:06:12 (6332 turns).

robertstho the Magician (Djinni Fire Elementalist)  Turns: 6332, Time: 00:06:12

Health: 0/49       AC:  5    Str: 13    XL:     7   Next: 96%
Gold:   164        EV: 12    Int: 19    God:    Gozag SH:  0 Dex: 13

rFire   + + +      SeeInvis +   n - +2 great sword of Bile {elec, rF+ SInv}
rCold   x x .      Faith    .   (shield currently unavailable)
rNeg    . . .      Spirit   .   a - +0 robe
rPois   ∞          Reflect  .   o - +2 helmet {SInv}
rElec   .          Harm     .   (no cloak)
rCorr   .          Rampage  .   (no gloves)
Will    .....                   (boots unavailable)
Stlth   ++........              e - amulet of the acrobat
HPRegen 0.16/turn               h - ring of fire
MPRegen 0.00/turn               j - +6 ring of strength

@: gold aura, flying
A: sickness immunity, fire resistance 2, cold vulnerability 1, float, innate
caster, hp casting, extra vitality 1
a: Renounce Religion, Potion Petition, Call Merchant, Bribe Branch


You were on level 5 of the Dungeon.
You worshipped Gozag.
Gozag was aware of your devotion.
You visited 1 branch of the dungeon, and saw 5 of its levels.

You collected 219 gold pieces.
You paid 55 gold pieces to Gozag.

Inventory:

Hand Weapons
 d - a +0 short sword
 m - a +4 dagger of venom
 n - the +2 great sword of Bile (weapon) {elec, rF+ SInv}
   (You acquired it on level 3 of the Dungeon)

   It occasionally discharges a powerful burst of electricity upon striking a
   foe.
   rF:        It protects you from fire.
   SInv:      It lets you see invisible.
Armour
 a - a +0 robe (worn)
 o - a +2 helmet of see invisible (worn)
Jewellery
 e - an amulet of the acrobat (around neck)
 h - a ring of fire (left hand)
 j - a +6 ring of strength (right hand)
 p - a +6 ring of dexterity
 q - a ring of protection from cold
Wands
 g - a wand of acid (10)
Scrolls
 s - 2 scrolls of amnesia {unknown}
Potions
 b - a potion of heal wounds {unknown}
 c - 3 potions of haste
 f - a potion of lignification {unknown}
 i - a potion of resistance {unknown}
 k - a potion of might {unknown}
 l - a potion of degeneration {unknown}
 r - 2 potions of mutation {unknown}


   Skills:
 * Level 2.6 Fighting
 + Level 2.1 Long Blades
 + Level 2.7 Dodging
 + Level 2.2 Stealth
 * Level 5.6 Spellcasting


You couldn't memorise any spells.
You knew the following spells:

 Your Spells              Type           Power      Damage    Failure   Level
a - Foxfire               Conj/Fire      100%       2x1d9     1%          1
b - Scorch                Fire           80%        2d9       1%          2
c - Conjure Flame         Conj/Fire      40%        6-21      3%          3
d - Inner Flame           Hex/Fire       40%        N/A       3%          3
e - Flame Wave            Conj/Fire      40%        3d8       11%         4
f - Apportation           Tloc           52%        N/A       1%          1
g - Ensorcelled Hibernat  Hex/Ice        52%        N/A       1%          2
h - Teleport Other        Tloc           26%        N/A       3%          3
Your spell library was empty.

Dungeon Overview and Level Annotations

Branches:
Dungeon (5/15)
 Temple: D:4-7

Altars:
Ashenzari
Dithmenos
Fedhas
Gozag

Annotations:
D:5 Duvessa


Innate Abilities, Weirdness & Mutations

You are immune to sickness and miasma.
You are immune to poison.
Your flesh is very heat resistant. (rF++)
You are vulnerable to cold. (rC-)
You float through the air rather than walking.
You learn spells naturally, not from books.
Your magical power is your life essence.
You have superior vitality. (+4 HP)


Message History

Aiming: Teleport Other (dangerous; 3% risk of failure)
Press: ? - help, Shift-Dir - straight line, f/p - Duvessa
Aim: Duvessa, wielding a +0 short sword and wearing a +0 chain mail (moderately wounded, berserk, more vulnerable to fire, chance to affect: 50%) Duvessa seems more stable.
Duvessa hits you with a +0 short sword. Duvessa barely misses you.
Unknown command.
Casting: Teleport Other (dangerous; 3% risk of failure)
Confirm with . or Enter, or press ? or * to list all spells.
Aiming: Teleport Other (dangerous; 3% risk of failure)
Press: ? - help, Shift-Dir - straight line, f/p - Duvessa
Aim: Duvessa, wielding a +0 short sword and wearing a +0 chain mail (moderately wounded, berserk, more vulnerable to fire, chance to affect: 50%) Duvessa resists with some effort.
Duvessa is no longer more vulnerable to fire.
Duvessa hits you but does no damage.
Casting: Teleport Other (dangerous; 3% risk of failure)
Confirm with . or Enter, or press ? or * to list all spells.
Aiming: Teleport Other (dangerous; 3% risk of failure)
Press: ? - help, Shift-Dir - straight line, f/p - Duvessa
Aim: Duvessa, wielding a +0 short sword and wearing a +0 chain mail (moderately wounded, berserk, chance to affect: 50%) Duvessa resists with some effort.
Duvessa is distracted by your dazzling golden aura.
Unknown command.
Casting: Teleport Other (dangerous; 3% risk of failure)
Confirm with . or Enter, or press ? or * to list all spells.
Aiming: Teleport Other (dangerous; 3% risk of failure)
Press: ? - help, Shift-Dir - straight line, f/p - Duvessa
Aim: Duvessa, wielding a +0 short sword and wearing a +0 chain mail (moderately wounded, berserk, unaware, hasn't noticed you, chance to affect: 50%) Duvessa is no longer distracted by gold.
Duvessa shouts!
Duvessa resists with some effort.
Duvessa closely misses you.
Casting: Teleport Other (dangerous; 3% risk of failure)
Confirm with . or Enter, or press ? or * to list all spells.
Aiming: Teleport Other (dangerous; 3% risk of failure)
Press: ? - help, Shift-Dir - straight line, f/p - Duvessa
Aim: Duvessa, wielding a +0 short sword and wearing a +0 chain mail (moderately wounded, berserk, chance to affect: 50%) Duvessa looks slightly unstable.
Duvessa hits you with a +0 short sword!
* * * LOW HITPOINT WARNING * * *
Duvessa hits you with a +0 short sword!
You die...
Your body crumbles into a pile of gold.

############
#......(...#
...........#
#..........#
#..........#
#......@...#
....#$##e.$...#
. .$ .######
#.. .# ... .# $
.. .. . .. ..


You could see Duvessa (berserk).

Vanquished Creatures
  2 ogres
  A kobold brigand (D:3)
  A scorpion (D:3)
  Dowan (D:5)
  A jelly (D:4)
  A centaur skeleton (D:2)
  2 iguanas (D:4)
  Ijyb (D:4)
  10 gnolls
  3 adders (D:4)
  An ufetubus (D:4)
  A worm (D:3)
  7 orcs
  9 ball pythons
  6 bats
  9 endoplasms
  4 giant cockroaches
  7 goblins
  3 hobgoblins
  6 jackals
  11 kobolds
  2 frilled lizards
  6 rats
95 creatures vanquished.

Vanquished Creatures (others)
  360 foxfires
360 creatures vanquished.

Grand Total: 455 creatures vanquished

Notes
Turn   | Place    | Note
-------+----------+-------------------------------------------
     0 | D:1      | robertstho the Djinni Fire Elementalist began the quest for
                  | the Orb.
     0 | D:1      | Reached XP level 1. HP: 15/15 MP: 0/0
   290 | D:1      | Reached XP level 2. HP: 17/21 MP: 0/0
  1081 | D:1      | Reached skill level 3 in Spellcasting
  1137 | D:1      | Reached XP level 3. HP: 22/26 MP: 0/0
  1137 | D:1      | Learned a level 1 spell: Apportation
  1379 | D:1      | Found a faded altar of an unknown god.
  2088 | D:2      | Found a shadowy altar of Dithmenos.
  2193 | D:2      | Reached skill level 1 in Fighting
  2193 | D:2      | Reached XP level 4. HP: 11/32 MP: 0/0
  2511 | D:2      | Reached XP level 5. HP: 25/37 MP: 0/0
  2511 | D:2      | Learned a level 2 spell: Ensorcelled Hibernation
  2518 | D:2      | Reached skill level 4 in Spellcasting
  3495 | D:3      | Noticed a kobold brigand
  3502 | D:3      | Killed a kobold brigand
  3503 | D:3      | Reached XP level 6. HP: 38/42 MP: 0/0
  4424 | D:3      | Identified 3 scrolls of acquirement
  4424 | D:3      | Acquired the +2 great sword of Bile {elec, rF+ SInv}
  4426 | D:3      | Acquired a +2 helmet of see invisible
  4432 | D:3      | Acquired a +6 ring of strength
  4521 | D:4      | Reached skill level 5 in Spellcasting
  4522 | D:4      | Noticed Ijyb
  4532 | D:4      | Killed Ijyb
  4538 | D:4      | Reached XP level 7. HP: 21/48 MP: 0/0
  4538 | D:4      | Learned a level 3 spell: Teleport Other
  5197 | D:4      | Found a blossoming altar of Fedhas.
  5197 | D:4      | Found a broken altar of Ashenzari.
  5505 | D:4      | Found an opulent altar of Gozag.
  5560 | D:4      | Became a worshipper of Gozag Ym Sagoz the Greedy
  5801 | D:4      | Reached skill level 1 in Long Blades
  6316 | D:5      | Entered Level 5 of the Dungeon
  6316 | D:5      | Noticed Duvessa
  6317 | D:5      | Noticed Dowan
  6325 | D:5      | Killed Dowan
  6332 | D:5      | Slain by Duvessa

Illustrated notes

Levels and vault maps discovered:
D:1:      dpeg_arrival_refuge, layout_basic,
          shapermc_ecumenical_altar_totnotflames, kennysheep_decorative_pillar
D:2:      layout_loops_cross, basic_altar
D:3:      wad_pebble_path, layout_basic, minivault_24,
          kennysheep_generic_room_14
D:4:      layout_layer_cave, grunt_gozag_statues, jmf_multi_god_temple,
          palyth_stone_intersect, uniq_ijyb
D:5:      layout_rooms, uniq_duvessa

Skill      XL: |  1  2  3  4  5  6  7 |
---------------+----------------------+-----
Spellcasting   | 3 4 5 |  5.6
Fighting       | 1 2 |  2.6
Stealth        | 2 |  2.2
Long Blades    | 2 |  2.1
Dodging        | |  2.7

Action                   |  1- 3 |  4- 6 |  7- 9 || total
-------------------------+-------+-------+-------++-------
Melee: Unarmed           |     3 |       |       ||     3
       Great sword       |       |     2 |    45 ||    47
 Cast: Foxfire           |    88 |   113 |     7 ||   208
       Scorch            |       |    10 |     6 ||    16
       Teleport Other    |       |       |     6 ||     6
  Use: Scroll            |     1 |     5 |       ||     6
 Stab: Sleeping          |     1 |       |       ||     1
Armor: Robe              |     1 |       |    17 ||    18
Dodge: Dodged            |    14 |     6 |    47 ||    67

Table legend: (Time is in decaauts)
 A = Elapsed time spent in this place.
 B = Non-inter-level travel time spent in this place.
 C = Inter-level travel time spent in this place.
 D = Time resting spent in this place.
 E = Time spent auto-exploring this place.
 F = Levels seen in this place.
 G = Mean time per level.
                   A        B        C        D        E       F      G
               +--------+--------+--------+--------+--------+-----+--------+
         Total |   6361 |   6256 |    105 |    129 |   5457 |   5 | 1272.2 |
       Dungeon |   6361 |   6256 |    105 |    129 |   5457 |   5 | 1272.2 |
               +--------+--------+--------+--------+--------+-----+--------+

Top non-repeatable levels by time:
     D:4: 1898 daAuts
     D:2: 1522 daAuts
     D:3: 1470 daAuts
     D:1: 1454 daAuts
     D:5: 15 daAuts
